 Dungeon Crawl Stone Soup version 0.22-a0-533-g4d20840 (webtiles) character file.

0 Amnesiac the Ducker (level 1, -28/11 HPs)
             Began as a Spriggan Abyssal Knight on June 23, 2018.
             Was a Follower of Lugonu.
             Annihilated by a tentacled starspawn (38 damage)
             ... on level 1 of the Abyss.
             The game lasted 00:01:29 (321 turns).

Amnesiac the Ducker (Spriggan Abyssal Knight)        Turns: 321, Time: 00:01:29

Health: -28/11     AC:  2    Str:  8    XL:     1   Next: 0%
Magic:  3/3        EV: 18    Int: 13    God:    Lugonu [*.....]
Gold:   20         SH:  0    Dex: 15    Spells: 0/0 levels left

rFire    . . .     SeeInvis +   a - +1 short sword
rCold    . . .     Gourm    .   (shield restricted)
rNeg     . . .     Faith    .   b - +0 robe
rPois    .         Spirit   .   (helmet restricted)
rElec    .         Reflect  .   (no cloak)
rCorr    .         Harm     .   (gloves unavailable)
MR       .....                  (boots unavailable)
Stlth    +.........             (no amulet)
HPRegen  0.03/turn              (no ring)
MPRegen  0.08/turn              (no ring)

@: very quick
A: very small, unfitting armour, see invisible, herbivore, speed 3, slow
metabolism 2
a: Depart the Abyss, Renounce Religion


You were on level 1 of the Abyss.
You worshipped Lugonu.
Lugonu was aware of your devotion.
You were not hungry.

You visited 0 branches of the dungeon, and saw 0 of its levels.
You visited the Abyss 1 time.

You collected 20 gold pieces.

Inventory:

Hand Weapons
 a - a +1 short sword (weapon)
Armour
 b - a +0 robe (worn)
Scrolls
 d - a scroll of identify {!r, unknown}
Potions
 e - a potion of curing {!q, unknown}
Comestibles
 c - 2 rations


   Skills:
 - Level 2.4 Fighting
 - Level 2.1 Short Blades
 - Level 3.5 Dodging
 + Level 0.0 Stealth
 - Level 1.7 Invocations


You couldn't memorise any spells.
You didn't know any spells.
Your spell library was empty.

Dungeon Overview and Level Annotations

Branches:
Dungeon (0/15)

Altars:


Innate Abilities, Weirdness & Mutations

You are very small and have problems with some larger weapons.
You are too small for most types of armour.
You have supernaturally acute eyesight. (SInv)
You are a herbivore.
You cover ground extremely quickly.
You need to consume almost no food.


Message History

Welcome, Amnesiac the Spriggan Abyssal Knight.
Will you prevail where others failed? Will you find the Orb of Zot?
Lugonu says: Depart the Abyss and spread corruption, my servant! (use the ability menu to exit the Abyss) Press ? for a list of commands and other information.
Found a corrupted altar of Lugonu.
d - a scroll labeled VIOCIT TEVAS {!r} You now have 10 gold pieces.
c - 2 rations (gained 1) Key pressed, stopping explore.
e - a brown potion {!q} A starcursed mass comes into view.
The starcursed mass moves out of view.
A starcursed mass splits.
The starcursed mass is too close now for your liking.
A starcursed mass is nearby!
A starcursed mass is nearby!
A starcursed mass is nearby!
A raiju comes into view.
The raiju barks!
Found 10 gold pieces.
You see here 10 gold pieces.
You now have 20 gold pieces (gained 10).
A tentacle flies out from the starspawn's body!
A starspawn tentacle comes into view.
The starspawn tentacle moves out of view.
A tentacled starspawn comes into view.
The tentacled starspawn moves out of view.
A neqoxec comes into view.
A large abomination comes into view.
You strike the helpless tentacled starspawn from behind!
You hit the tentacled starspawn.
The tentacled starspawn is lightly damaged.
A starspawn tentacle comes into view.
A ynoxinul comes into view. 2 orange demons come into view.
The orange demon screeches!
The tentacled starspawn bites you.
The tentacled starspawn closely misses you.
A tentacle flies out from the starspawn's body!
A starspawn tentacle comes into view.
A starspawn tentacle comes into view.
You start resting.
The tentacled starspawn is too close now for your liking.
A tentacle flies out from the starspawn's body!
A starspawn tentacle comes into view.
A starspawn tentacle comes into view.
You hit the tentacled starspawn.
The tentacled starspawn is lightly damaged.
A tentacle flies out from the starspawn's body!
A starspawn tentacle comes into view.
You hit the tentacled starspawn.
The tentacled starspawn is lightly damaged.
The tentacled starspawn bites you!!!
Ouch! That really hurt!
You die...

##...#.#
####
.#Λ...##
#.#.## .# #
# # #.. ..
X## ..#.
#.###. #
#...##
######..##.#
─.# .##
#....
.#..#.##..
##
##w#####..
.#.#... ##
##.X@#...#
#.# ....
#.w###. . #.
#.. #### #
## # # # .
.# .


You could see a tentacled starspawn and 2 starspawn tentacles.

Vanquished Creatures (others)
  8 starspawn tentacles (Abyss:1)
8 creatures vanquished.

Notes
Turn   | Place    | Note
-------+----------+-------------------------------------------
     0 | Abyss:1  | Amnesiac the Spriggan Abyssal Knight began the quest for the Orb.
     0 | Abyss:1  | Reached XP level 1. HP: 11/11 MP: 3/3
   133 | Abyss:1  | Noticed a starcursed mass
   146 | Abyss:1  | Noticed a tentacled starspawn
   155 | Abyss:1  | Noticed a raiju
   196 | Abyss:1  | Noticed a tentacled starspawn
   222 | Abyss:1  | Noticed a neqoxec
   228 | Abyss:1  | Noticed a large abomination
   260 | Abyss:1  | Noticed a ynoxinul
   278 | Abyss:1  | Noticed an orange demon
   278 | Abyss:1  | Noticed an orange demon
   321 | Abyss:1  | Annihilated by a tentacled starspawn

Vault maps used:

Action                   || total
-------------------------++-------
Melee: Short sword       ||     3
 Stab: Distracted        ||     1
Dodge: Dodged            ||     1

Table legend:
 A = Spawn XP
 B = Non-spawn XP
 C = Spawn XP percentage of total XP
 D = Spawn monster count
 E = Non-spawn monster count
 F = Spawn count percentage of total count
 G = Total turns spent on level
                    A         B        C        D         E        F      G
               +---------+---------+-------+---------+---------+-------+---------
         Total |       0 |       0 |   N/A |       0 |       0 |   N/A |   321
               +---------+---------+-------+---------+---------+-------+---------
               +---------+---------+-------+---------+---------+-------+---------
